 Dungeon Crawl Stone Soup version 0.32-a0-886-g41c5271027 (webtiles) character file.

Game seed: 2197717736409628821

333 EvilEddieB the Poker (level 6, -5/47 HPs)
             Began as a Demonspawn Gladiator on Apr 2, 2024.
             Was an Initiate of Yredelemnul.
             Slain by a +4 broad axe of flaming (8 damage)
             ... created by the rancor of the Wu Jian Council
             ... on level 3 of the Dungeon.
             The game lasted 00:14:47 (2779 turns).

EvilEddieB the Poker (Demonspawn Gladiator)         Turns: 2779, Time: 00:14:48

Health: -5/47      AC:  7    Str: 14    XL:     6   Next: 27%
Magic:  9/9        EV: 11    Int: 11    God:    Yredelemnul [......]
Gold:   104        SH:  0    Dex: 14    Spells: 9/9 levels left

rFire   + . .        k - +0 broad axe
rCold   x . .        (no shield)
rNeg    . . .        b - +0 leather armour
rPois   .            c - +0 helmet
rElec   .            f - +0 cloak
rCorr   .            (no gloves)
SInv    .            (no boots)
Will    .....        (no amulet)
Stlth   +            t - ring of fire
HPRegen 0.27/turn    (no ring)
MPRegen 0.11/turn

%: no passive effects
@: confused, slowed, wreathed by umbra, very slow
A: claws 2, molten scales 1
a: Renounce Religion, Light the Black Torch, Recall Undead Harvest


You were on level 3 of the Dungeon.
You worshipped Yredelemnul.
Yredelemnul was noncommittal.
You visited 1 branch of the dungeon, and saw 3 of its levels.

You collected 104 gold pieces.

Inventory:

Hand Weapons
 a - a +0 trident
 e - a +0 scythe
 k - a +0 broad axe (weapon)
 l - a +3 dagger
Missiles
 d - a throwing net (quivered)
 i - 24 stones
 q - a javelin
Armour
 b - a +0 leather armour (worn)
 c - a +0 helmet (worn)
 f - a +0 cloak (worn)
Magical Staves
 r - a staff of earth
Jewellery
 n - a +6 ring of strength
 t - a ring of fire (left claw)
Talismans
 u - a blade talisman
Wands
 w - a wand of flame (13)
Scrolls
 g - 3 scrolls of teleportation {unknown}
 j - a scroll of silence {unknown}
 m - a scroll of blinking {unknown}
 o - 2 scrolls of identify {unknown}
 s - a scroll of poison {unknown}
Potions
 h - 2 potions of brilliance {unknown}
 p - a potion of curing {unknown}
 v - a potion of heal wounds {unknown}


   Skills:
 * Level 3.3 Fighting
 * Level 3.7 Polearms
 - Level 1.7 Throwing
 * Level 2.3 Armour
 + Level 3.2 Dodging
 + Level 1.7 Stealth
 * Level 2.3 Spellcasting
 + Level 0.3 Evocations


You had 9 spell levels left.
You didn't know any spells.
Your spell library was empty.

Dungeon Overview and Level Annotations

Branches:
Dungeon (3/15)

Altars:
Wu Jian
Yredelemnul

Shops:
D:1 *


Innate Abilities, Weirdness & Mutations

You have very sharp fingernails.
You are partially covered in molten scales. (AC +2)


Message History

Their soul becomes fuel for the torch.
You feel sick.
No target in view!
No target in view!
No target in view!
No target in view!
You feel sick.
You feel sick.
You feel sick.
You feel sick.
You are no longer poisoned.
You see here a +0 sling.
w - a wand of flame (13)
o - 2 scrolls labelled GUOWUD VAUMN (gained 1)
You swap places.
You swap places.
Sifu Cai Fang whispers: Nowhere to run...
You feel yourself slow down. The divine experience confuses you!
You are confused. 5 dancing weapons come into view.
There is a +2 great sword of speed.
There is a +2 great sword of electrocution.
There is a +3 quarterstaff of flaming.
There is a +1 glaive of speed.
There is a +4 broad axe of flaming.
You see here 8 gold pieces.
Your adder zombie bites the +2 great sword of speed but does no damage.
Your adder zombie bites the +2 great sword of speed but does no damage.
The +4 broad axe of flaming barely misses you.
The +1 glaive of speed hits you.
The +2 great sword of speed hits your adder zombie!!
Your adder zombie is destroyed!
The +1 glaive of speed hits you! The +4 broad axe of flaming hits you!
* * * LOW HITPOINT WARNING * * *
The +4 broad axe of flaming burns you.
* * * LOW HITPOINT WARNING * * *
You hit the +2 great sword of speed.
The +2 great sword of speed is heavily damaged.
You hit the +4 broad axe of flaming. You slash the +1 glaive of speed!
The +1 glaive of speed hits you!
* * * LOW HITPOINT WARNING * * *
The +4 broad axe of flaming hits you!
You die...
Your body rises from the dead as a mindless zombie.

#.# #.###### #. #.#
#....... .. #.#
######## #.# #.# #
##..######.###### #
............)..#######
...((#######..........
####(#######.....#####
#(@(...............
#########.....#####
#.....# #######


You could see 5 dancing weapons.

Vanquished Creatures
  Sigmund (D:2)
  2 orc priests (D:3)
  4 adders
  2 ribbon worms (D:2)
  2 dart slugs
  An orc (D:3)
  7 endoplasms
  2 giant cockroaches
  8 goblins
  6 hobgoblins
  3 jackals (D:3)
  2 quokkas
  4 ball pythons
  4 bats
  5 frilled lizards
  6 kobolds
  6 rats
65 creatures vanquished.

Vanquished Creatures (others)
  An adder zombie (D:3)
1 creature vanquished.

Grand Total: 66 creatures vanquished

Notes
Turn   | Place    | Note
-------+----------+-------------------------------------------
     0 | D:1      | EvilEddieB the Demonspawn Gladiator began the quest for the
                  | Orb.
     0 | D:1      | Reached XP level 1. HP: 16/16 MP: 1/1
   155 | D:1      | Gained mutation: You are partially covered in molten
                  | scales. (AC +2) [demonic ancestry]
   155 | D:1      | Reached XP level 2. HP: 22/22 MP: 2/2
   687 | D:1      | Found Cympo's Assorted Antiques.
   985 | D:2      | Reached skill level 1 in Spellcasting
   985 | D:2      | Reached XP level 3. HP: 28/28 MP: 4/4
   995 | D:2      | Reached skill level 1 in Armour
  1501 | D:2      | Gained mutation: You have sharp fingernails. [demonic
                  | ancestry]
  1501 | D:2      | Reached XP level 4. HP: 34/34 MP: 5/5
  1648 | D:2      | Noticed Sigmund
  1665 | D:2      | Killed Sigmund
  1666 | D:2      | Reached skill level 1 in Stealth
  1666 | D:2      | Reached XP level 5. HP: 36/41 MP: 5/8
  2318 | D:3      | Gained mutation: You have very sharp fingernails. [demonic
                  | ancestry]
  2318 | D:3      | Reached XP level 6. HP: 42/47 MP: 9/9
  2476 | D:3      | Found an ornate altar of the Wu Jian Council.
  2493 | D:3      | Became a worshipper of the Wu Jian Council
  2568 | D:3      | Found a basalt altar of Yredelemnul.
  2598 | D:3      | Fell from the grace of Wu Jian
  2598 | D:3      | Became a worshipper of Yredelemnul the Fallen
  2777 | D:3      | Noticed a +2 great sword of speed
  2777 | D:3      | Noticed a +2 great sword of electrocution
  2777 | D:3      | Noticed a +3 quarterstaff of flaming
  2777 | D:3      | Noticed a +1 glaive of speed
  2777 | D:3      | Noticed a +4 broad axe of flaming
  2779 | D:3      | Slain by a +4 broad axe of flaming

Illustrated notes

Levels and vault maps discovered:
D:1:      lightli_arrival_farm, layout_loops_corners, serial_shops,
          nicolae_shop_tiny_waterfront
D:2:      layout_basic, chequers_decorated_corner, uniq_sigmund
D:3:      layout_loops_ring, nicolae_wu_jian_glorious_leap,
          mainiacjoe_overflow_catwalk, minmay_bisected

Skill      XL: |  1  2  3  4 |
---------------+-------------+-----
Spellcasting   | 1 2 |  2.3
Armour         | 1 2 |  2.3
Polearms       | 3 |  3.7
Fighting       | 3 |  3.3
Dodging        | 3 |  3.2
Stealth        | 1 |  1.7
Throwing       | |  1.7
Evocations     | |  0.3

Action                     |  1- 3 |  4- 6 || total
---------------------------+-------+-------++-------
  Melee: Trident           |    91 |    32 ||   123
         Broad axe         |    43 |    31 ||    74
         Halberd           |       |    35 ||    35
  Throw: Throwing net      |       |     2 ||     2
         Javelin           |       |     1 ||     1
 Invoke: Light the Black T |       |     1 ||     1
   Stab: Distracted        |     1 |     1 ||     2
         Sleeping          |     1 |       ||     1
         Held in net/web   |       |     1 ||     1
 Armour: Leather armour    |    72 |    76 ||   148
  Dodge: Dodged            |    95 |    67 ||   162

Table legend: (Time is in decaauts)
 A = Elapsed time spent in this place.
 B = Non-inter-level travel time spent in this place.
 C = Inter-level travel time spent in this place.
 D = Time resting spent in this place.
 E = Time spent auto-exploring this place.
 F = Levels seen in this place.
 G = Mean time per level.
                   A        B        C        D        E       F      G
               +--------+--------+--------+--------+--------+-----+--------+
         Total |   2869 |   2802 |     67 |      8 |   2201 |   3 |  956.3 |
       Dungeon |   2869 |   2802 |     67 |      8 |   2201 |   3 |  956.3 |
               +--------+--------+--------+--------+--------+-----+--------+

Top non-repeatable levels by time:
     D:2: 1363 daAuts
     D:1: 1016 daAuts
     D:3: 489 daAuts
